 Dungeon Crawl Stone Soup version 0.30.1-4-g462c640d31 (webtiles) character file.

Game seed: 8180140270629390522

736847 Peloso the Minotaur Barricade (level 27, -2/409 HPs)
             Began as a Minotaur Fighter on Sept 14, 2023.
             Was the Champion of Okawaru.
             Slain by a shard shrike (30 damage)
             ... on level 13 of a ziggurat on Sept 15, 2023.
             The game lasted 04:57:31 (85801 turns).

Peloso the Minotaur Barricade (Minotaur Fighter)   Turns: 85801, Time: 04:57:31

Health: -2/409     AC: 37    Str: 25    XL:     27
Magic:  32/32      EV:  2    Int:  5    God:    Okawaru [******]
Gold:   7103       SH: 23    Dex: 29    Spells: 26/26 levels left

rFire   + + .        a - +9 double sword (heavy)
rCold   + . .        d - +2 kite shield {reflect}
rNeg    + + .        h - melded +12 gold dragon scales
rPois   +            t - melded +0 hat of Petz {rF+ rC+ Str+3}
rElec   .            Y - melded +1 cloak of Uguagug {+Inv Regen+ Dex+2}
rCorr   .            q - melded +0 pair of gloves {Dex+3}
SInv    .            u - melded +2 pair of slick slippers {slick, slippery, EV+4}
Will    +++..        C - amulet "Omumymm" {Acrobat rF+ rN+}
Stlth   ++++         D - ring "Dyn Lioff" {rF+ rC+ Dex+6}
HPRegen 0.88/turn    v - ring "Wacuinn" {rN+ Will+ AC+4 Dex+3 Stlth-}
MPRegen 0.23/turn

%: reflection, acrobat
@: tree-form, studying 3 skills
A: stationary, stasis, torment immunity, boosted hp, (horns 2), (retaliatory
headbutt), mutation resistance 1, wild magic 1
}: 4/15 runes: decaying, serpentine, slimy, silver
a: Renounce Religion, Heroism, Finesse, Duel


You were on level 13 of a ziggurat.
You worshipped Okawaru.
Okawaru was exalted by your worship.
You were a tree.
You visited 13 branches of the dungeon, and saw 57 of its levels.
You visited Pandemonium 1 time, and saw 2 of its levels.
You visited the Abyss 2 times.
You visited 1 bazaar.
You visited 1 ziggurat, and saw 13 of its levels.
You also visited: Trove, Ice Cave and Volcano.

You collected 13835 gold pieces.
You spent 6732 gold pieces at shops.

Inventory:

Hand Weapons
 a - a +9 heavy double sword (weapon)
 b - the +10 morningstar "Eos" {elec, Halo rElec}
   (You found it on level 7 of the Dungeon)

   Halo:      It grants its wielder a halo, revealing invisible creatures and
   increasing accuracy against all within it other than the wielder.
   rElec:     It insulates you from electricity.
Armour
 d - a +2 kite shield of reflection (worn)
 h - +12 gold dragon scales (melded)
 i - the +11 plate armour "Laon" {rElec rF+ rC+ Stlth+}
   (Okawaru gifted it to you on level 11 of a ziggurat)

   rF:        It protects you from fire.
   rC:        It protects you from cold.
   rElec:     It insulates you from electricity.
   Stlth:     It makes you more stealthy.
 q - a +0 pair of gloves of dexterity (melded)
 t - the +0 hat of Petz (melded) {rF+ rC+ Str+3}
   (You acquired it in a volcano)

   Str:       It affects your strength (+3).
   rF:        It protects you from fire.
   rC:        It protects you from cold.
 u - the +2 pair of slick slippers (melded) {slick, slippery, EV+4}
   (You acquired it on level 15 of the Dungeon)

   Slick:     Its wearer cannot be constricted, engulfed, netted or webbed.
   Slippery:  Its wearer slips away from damaging melee attacks, pulling the
   attacker onward.
   EV:        It affects your evasion (+4).
 Y - the +1 cloak of Uguagug (melded) {+Inv Regen+ Dex+2}
   (You bought it in a shop in a bazaar)

   Dex:       It affects your dexterity (+2).
   +Inv:      It lets you turn invisible.
   Regen:     It increases your rate of health regeneration.
Jewellery
 f - the ring of Nemelex Xobeh's Scorn {Drain rPois rF+ rC+ rN+}
   (You found it on level 6 of a ziggurat)

   [ring of poison resistance]

   rF:        It protects you from fire.
   rC:        It protects you from cold.
   rPois:     It protects you from poison.
   rN:        It protects you from negative energy.
   Drain:     It drains your maximum health when unequipped.
 v - the ring "Wacuinn" (right branch) {rN+ Will+ AC+4 Dex+3 Stlth-}
   (You found it in a treasure trove)

   [ring of protection]

   AC:        It affects your AC (+4).
   Dex:       It affects your dexterity (+3).
   rN:        It protects you from negative energy.
   Will:      It increases your willpower.
   Stlth:     It makes you less stealthy.
 C - the amulet "Omumymm" (around neck) {Acrobat rF+ rN+}
   (You found it in a treasure trove)

   [amulet of the acrobat]

   It increases your evasion while moving and waiting.
   rF:        It protects you from fire.
   rN:        It protects you from negative energy.
 D - the ring "Dyn Lioff" (left branch) {rF+ rC+ Dex+6}
   (You found it on level 13 of the Dungeon)

   [ring of dexterity]

   Dex:       It affects your dexterity (+6).
   rF:        It protects you from fire.
   rC:        It protects you from cold.
Wands
 c - a wand of quicksilver (12)
 s - a wand of mindburst (10)
 y - a wand of digging (17)
Scrolls
 g - 13 scrolls of immolation
 m - 8 scrolls of fog
 n - 11 scrolls of teleportation
 r - 12 scrolls of magic mapping
 A - 20 scrolls of poison
 H - 10 scrolls of fear
 Z - 5 scrolls of blinking
Potions
 e - 6 potions of lignification
 j - 8 potions of curing
 k - 7 potions of resistance
 l - 10 potions of might
 o - 4 potions of invisibility
 p - a potion of mutation
 B - a potion of berserk rage
 E - 11 potions of haste


   Skills:
 O Level 27 Fighting
 O Level 27 Long Blades
 O Level 27 Maces & Flails
 + Level 2.0 Throwing
 O Level 27 Armour
 + Level 15.9 Dodging
 + Level 9.3 Stealth
 O Level 27 Shields
 + Level 5.9 Unarmed Combat
 + Level 13.9 Invocations
 + Level 9.4 Evocations


You had 26 spell levels left.
You didn't know any spells.
Your spell library contained the following spells:

 Spells                   Type           Power      Damage    Failure   Level
 Beastly Appendage        Tmut           0%         N/A       56%         1
 Freeze                   Ice            0%         1d3       56%         1
 Kiss of Death            Conj/Necr      0%         2d5       56%         1
 Magic Dart               Conj           0%         1d3       56%         1
 Sandblast                Erth           0%         2d4       56%         1
 Shock                    Conj/Air       0%         1d3       56%         1
 Sting                    Tmut/Pois      0%         1d3       56%         1
 Blink                    Tloc           0%         N/A       71%         2
 Cigotuvi's Dreadful Rot  Necr/Pois/Air  0%         N/A       71%         2
 Ensorcelled Hibernation  Hex/Ice        0%         N/A       71%         2
 Lesser Beckoning         Tloc           0%         N/A       71%         2
 Momentum Strike          Conj/Tloc      0%         3d8       71%         2
 Passwall                 Tmut/Erth      0%         N/A       71%         2
 Poisonous Vapours        Pois/Air       0%         N/A       71%         2
 Scorch                   Fire           0%         2d5       71%         2
 Searing Ray              Conj           0%         2d4       71%         2
 Static Discharge         Conj/Air       0%         2-2/arc   71%         2
 Wereblood                Tmut           0%         N/A       71%         2
 Frozen Ramparts          Ice            0%         1d1       89%         3
 Gell's Gravitas          Tloc           0%         N/A       89%         3
 Hailstorm                Conj/Ice       0%         3d3       89%         3
 Ignite Poison            Fire/Tmut/Pois 0%         N/A       89%         3
 Inner Flame              Hex/Fire       0%         N/A       89%         3
 Mephitic Cloud           Conj/Pois/Air  0%         N/A       89%         3
 Portal Projectile        Hex/Tloc       0%         N/A       89%         3
 Spider Form              Tmut/Pois      0%         N/A       89%         3
 Stone Arrow              Conj/Erth      0%         3d7       89%         3
 Swiftness                Air            0%         N/A       89%         3
 Teleport Other           Tloc           0%         N/A       89%         3
 Vampiric Draining        Necr           0%         2d6       89%         3
 Vhi's Electric Charge    Tloc/Air       0%         N/A       89%         3
 Volatile Blastmotes      Fire/Tloc      0%         2d10      89%         3
 Airstrike                Air            0%         2d(0-16)  99%         4
 Anguish                  Hex/Necr       0%         N/A       99%         4
 Cause Fear               Hex            0%         N/A       99%         4
 Flame Wave               Conj/Fire      0%         2d4       99%         4
 Fulminant Prism          Conj/Hex       0%         3d5       99%         4
 Ice Form                 Ice/Tmut       0%         N/A       99%         4
 Iskenderun's Mystic Bla  Conj/Tloc      0%         2d3       99%         4
 Leda's Liquefaction      Hex/Erth       0%         N/A       99%         4
 Manifold Assault         Tloc           0%         N/A       99%         4
 Olgreb's Toxic Radiance  Pois           0%         N/A       99%         4
 Passage of Golubria      Tloc           0%         N/A       99%         4
 Petrify                  Tmut/Erth      0%         N/A       99%         4
 Sticky Flame             Conj/Fire      0%         2d3       99%         4
 Arcjolt                  Conj/Air       0%         1d10      100%        5
 Blade Hands              Tmut           0%         N/A       100%        5
 Fireball                 Conj/Fire      0%         3d3       100%        5
 Freezing Cloud           Conj/Ice/Air   0%         6-21      100%        5
 Lee's Rapid Deconstruct  Erth           0%         3d4*      100%        5
 Metabolic Englaciation   Hex/Ice        0%         N/A       100%        5
 Yara's Violent Unravell  Hex/Tmut       0%         3d3       100%        5
 Conjure Ball Lightning   Conj/Air       0%         3x3d6     100%        6
 Dispersal                Tloc           0%         N/A       100%        6
 Eringya's Noxious Bog    Tmut/Pois      0%         N/A       100%        6
 Iron Shot                Conj/Erth      0%         9d1       100%        6
 Plasma Beam              Fire/Air       0%         2x1d11    100%        6
 Starburst                Conj/Fire      0%         6d3       100%        6
 Statue Form              Tmut/Erth      0%         N/A       100%        6
 Dragon Form              Tmut           0%         N/A       100%        7
 Enfeeble                 Hex            0%         N/A       100%        7
 Orb of Destruction       Conj           0%         9d5       100%        7
 Ozocubu's Refrigeration  Ice            0%         4d7       100%        7
 Storm Form               Tmut/Air       0%         N/A       100%        7
 Borgnjor's Revivificati  Necr           0%         N/A       100%        8
 Discord                  Hex            0%         N/A       100%        8
 Disjunction              Tloc           0%         N/A       100%        8
 Ignition                 Fire           0%         3d3       100%        8
 Maxwell's Capacitive Co  Air            0%         ∞         100%        8
 Necromutation            Tmut/Necr      0%         N/A       100%        8
 Chain Lightning          Conj/Air       0%         N/A       100%        9
 Death's Door             Necr           0%         N/A       100%        9
 Fire Storm               Conj/Fire      0%         5d1       100%        9
 Polar Vortex             Ice            0%         N/A       100%        9
 Shatter                  Erth           0%         3d5*      100%        9
 Call Canine Familiar     Summ           Unusable   N/A       N/A         3
 Tukima's Dance           Hex            Unusable   N/A       N/A         3
 Animate Armour           Summ/Erth      Unusable   N/A       N/A         4
 Summon Lightning Spire   Summ/Air       Unusable   N/A       N/A         4
 Death Channel            Necr           Unusable   N/A       N/A         6
 Simulacrum               Ice/Necr       Unusable   N/A       N/A         6
 Summon Cactus Giant      Summ           Unusable   N/A       N/A         6
 Infestation              Necr           Unusable   N/A       N/A         8
 Dragon's Call            Summ           Unusable   N/A       N/A         9

Dungeon Overview and Level Annotations

Branches:
Dungeon (15/15)            Temple (1/1) D:6            Lair (5/5) D:9
  Swamp (4/4) Lair:2        Snake (4/4) Lair:3        Slime (5/5) Lair:5
    Orc (2/2) D:10            Elf (3/3) Orc:2        Vaults (5/5) D:13
  Crypt (3/3) Vaults:2       Tomb (0/3) Crypt:3      Depths (4/4) D:15
   Hell (visited)             Dis (0/7) Hell            Geh (0/7) Hell
    Coc (0/7) Hell            Tar (0/7) Hell            Zot (5/5) Depths:4
  IceCv (visited)         Volcano (visited)

Altars:
Ashenzari
Elyvilon
Fedhas
Gozag
Kikubaaqudgha
Makhleb
Nemelex Xobeh
Okawaru
Qazlal
Ru
Sif Muna
Trog
Uskayaw
Vehumet
Wu Jian
Xom
Yredelemnul
Zin
The Shining One
Jiyva

Shops:
D:2 :   D:9 =   D:14 *:   Orc:2 :?((   Elf:3 *   Snake:2 *(   Snake:4 :=:
Vaults:1 ([[   Vaults:2 ([[(

Portals:
Hell: Depths:1 Depths:2 Depths:3 Depths:4
Abyss: Depths:3
Pandemonium: Depths:2 Depths:3 Depths:4

Annotations:
D:8 Dig
D:15 Casa


Innate Abilities, Weirdness & Mutations

You are a tree.
Your roots penetrate the ground, keeping you stationary.
You cannot be teleported.
You are immune to unholy pain and torment.
Your maximum health is greatly increased.
Your equipment is partially melded.
((You have a pair of horns on your head.))
((You reflexively headbutt those who attack you in melee.))
You are somewhat resistant to further mutation.
Your spells are a little harder to cast, but a little more powerful.


Message History

The wendigo bites you but does no damage.
You can move again.
Really quaff the potion of lignification?
You turn into a tree.
The +1 cloak of Uguagug {+Inv Regen+ Dex+2} melds into your body.
The +0 hat of Petz {rF+ rC+ Str+3} melds into your body.
Your +0 pair of gloves of dexterity melds into your body.
The +2 pair of slick slippers {slick, slippery, EV+4} melds into your body.
Your +12 gold dragon scales melds into your body.
You feel clumsy.
Your roots penetrate the ground.
You block the shard shrike's attack. You resist with almost no effort.
You block the wendigo's attack.
The wendigo bites you but does no damage.
Unknown command.
You miss the wendigo.
The wendigo is heavily wounded.
You block the shard shrike's attack.
The wendigo fires a burst of electricity at you.
The stunning burst hits you but does no damage.
You shrug off the repeated paralysis!
You block the nargun's attack.
The nargun bites you but does no damage.
The wendigo claws you but does no damage.
You block the wendigo's attack.
An Ice Fiend comes into view.
The wendigo claws you.
* * * LOW HITPOINT WARNING * * *
The wendigo freezes you! You resist.
* * * LOW HITPOINT WARNING * * *
The wendigo bites you.
* * * LOW HITPOINT WARNING * * *
The wendigo draws strength from your injuries!
You resist with almost no effort. The nargun hits you but does no damage.
The nargun bites you.
* * * LOW HITPOINT WARNING * * *
The nargun freezes you!! You resist.
* * * LOW HITPOINT WARNING * * *
You feel much better. The shard shrike claws you!
* * * LOW HITPOINT WARNING * * *
The shard shrike freezes you!! You resist.
You die...

▓......≈8
▓......≈≈§...
▓.............
▓...........1.......R9
▓∩.......R...........(
▓...............9...9:
▓.......2............!
▓....b.§§≈....§≈≈≈....
▓....♣RW8≈9....≈8≈....
▓..§.99≈§≈.....≈≈≈....
▓▓▓▓▓▓▓RR.........▓
▓J..........▓
▓...........▓
▓▓▓▓▓▓▓▓▓▓▓▓▓


You could see a shard shrike, an Ice Fiend, 4 wendigos, an azure jelly, 3
narguns, a freezing wraith and a tormentor.

Vanquished Creatures
  the Royal Jelly (Slime:5)
  18 dread liches
  10 ancient liches
  Mara (Snake:3)
  2 orbs of fire (Zot:5)
  4 juggernauts
  2 pandemonium lords (Pan)
  Sojobo (Depths:1)
  2 shard shrikes
  Parghit (Depths:3)
  Vv (Depths:2)
  4 Killer Klowns
  Bai Suzhen (Vaults:4)
  Frederick (Depths:4)
  Saint Roka (Orc:2)
  Margery (Vaults:4)
  Geryon (Hell)
  3 curse toes
  Nikola (Vaults:3)
  16 golden dragons
  6 bone dragons
  3 electric golems
  A hellephant (Zig:9)
  An Ice Fiend (Zig:13)
  Zenata (Vaults:1)
  A tainted leviathan (Zig:1)
  23 tentacled monstrosities
  25 Orb Guardians (Zot:5)
  Rupert (D:14)
  2 deep elf blademasters (Elf:3)
  Mlioglotl (Snake:3)
  9 liches
  11 titans
  A quicksilver dragon (shapeshifter) (Zig:8)
  2 deep elf master archers (Elf:3)
  3 tentacled starspawn
  18 acid blobs
  Murray (Depths:1)
  9 quicksilver dragons
  8 death cobs
  Gastronok (D:11)
  13 ancient champions
  A thorn hunter (Swamp:1)
  14 sphinxes
  A shadow dragon (shapeshifter) (Zig:8)
  11 tengu reavers
  12 storm dragons
  Kirke (Lair:2)
  Donald (Crypt:2)
  15 shadow dragons
  19 frost giants
  15 fire giants
  6 azure jellies
  3 draconian monks
  2 fenstrider witches
  14 rockslimes
  A nargun (Zig:13)
  3 demonspawn warmongers (Pan)
  3 draconian scorchers
  7 nagarajas
  A revenant (Crypt:1)
  Aizul (Vaults:3)
  4 deep elf sorcerers
  A fire giant (shapeshifter) (Zig:8)
  A juggernaut zombie (Depths:1)
  3 iron dragons
  3 draconian knights
  24 vault wardens
  2 ghost moths
  4 balrugs
  2 caustic shrike zombies
  2 draconian shifters
  2 curse skulls (Crypt:2)
  3 orc warlords
  2 juggernaut skeletons (Crypt:3)
  2 cacodemons
  4 deep elf elementalists (Elf:3)
  2 draconian stormcallers
  10 ghouls
  5 draconian annihilators
  3 war gargoyles
  2 demonspawn blood saints (Pan)
  7 reapers
  8 ironbound thunderhulks
  20 ironbound preservers
  A spriggan defender (Depths:3)
  11 quicksilver oozes
  2 demonspawn corrupters (Pan)
  13 stone giants
  5 eleionomae
  11 green draconians
  11 deep elf demonologists
  34 very ugly things
  A demonspawn black sun (Pan)
  16 vampire knights
  7 deep elf annihilators
  11 black draconians
  Azrael (D:13)
  7 red draconians
  5 lorocyprocas
  2 wendigos
  2 bunyips (shapeshifter)
  17 spark wasps
  8 dire elephants
  4 yellow draconians
  8 white draconians
  7 bunyips
  12 purple draconians
  An iron golem (Depths:1)
  17 ettins
  8 eidola
  13 jiangshi
  Josephine (D:10)
  2 crystal guardians
  5 blizzard demons
  4 green deaths
  2 merfolk impalers
  11 fire dragons
  8 deep elf death magi
  2 mummy priests (Pan)
  A merfolk javelineer (Depths:2)
  3 entropy weavers
  6 deep elf high priests
  9 great orbs of eyes
  16 yaktaur captains
  A rakshasa (Depths:2)
  Erolcha (D:13)
  A quicksilver dragon zombie (Crypt:1)
  32 vault guards
  7 salamander tyrants
  11 hydras
  6 ogre magi
  10 ice dragons
  4 spriggan air magi
  4 ghost crabs
  2 peacekeepers
  An anaconda (shapeshifter) (Zig:11)
  4 catoblepae
  13 anacondas
  2 spriggan skeletons
  An alligator (shapeshifter) (Vaults:2)
  6 ironbound frosthearts
  6 vampire magi
  A two-headed ogre (shapeshifter) (Depths:3)
  6 centaur warriors
  20 two-headed ogres
  6 boulder beetles
  10 death yaks
  6 tengu warriors
  11 alligators
  39 dancing weapons
  A satyr (shapeshifter) (Zig:11)
  4 death knights
  5 hell hogs
  3 deep troll earth magi
  5 thrashing horrors
  5 deep troll shamans
  13 naga warriors
  4 orc high priests
  A shock serpent (shapeshifter) (Elf:3)
  9 shock serpents
  Sonja (D:13)
  2 crystal echidnas (Depths:1)
  A spriggan berserker (Depths:2)
  An emperor scorpion zombie (Crypt:1)
  22 sun demons
  12 soul eaters
  22 deep elf knights
  A storm dragon zombie (Crypt:3)
  15 naga sharpshooters
  39 hell knights
  5 wretched stars
  2 fire crabs (shapeshifter)
  A fire crab (Zig:3)
  2 skysharks
  7 spriggans
  A sixfirhy (Pan)
  18 skeletal warriors
  2 goliath frogs
  4 salamander mystics
  A deep troll (shapeshifter) (Depths:3)
  Lodul (D:14)
  2 titan skeletons
  2 shadow wraiths (Crypt:2)
  The ghost of sonasty the Thaumaturge, a novice DEVM of Vehumet (D:9)
  A spatial maelstrom (Zig:7)
  2 death drakes
  10 iron trolls
  An iron giant zombie (Crypt:3)
  A golden dragon zombie (D:15)
  A spectral hydra (Swamp:4)
  6 spriggan druids
  2 shadow demons (Pan)
  7 flayed ghosts
  8 naga ritualists
  65 deep trolls
  8 bog bodies
  4 glowing orange brains
  A shadow dragon zombie (Vaults:1)
  18 deep elf archers
  6 swamp dragons
  11 harpies
  26 ironbound convokers
  33 deep elf zephyrmancers
  3 golden dragon skeletons
  10 wizards
  21 necromancers
  10 orc knights
  2 iron dragon zombies
  6 orc sorcerers
  20 phantasmal warriors
  A steelbarb worm (shapeshifter) (Depths:3)
  14 mana vipers
  An obsidian statue (Snake:2)
  20 deep elf pyromancers
  5 lindwurms
  4 shadow dragon skeletons
  3 shining eyes
  A glowing shapeshifter (Vaults:5)
  2 harpies (shapeshifter)
  A shining eye (shapeshifter) (Depths:3)
  30 ugly things
  2 sphinx skeletons
  A wolf spider (D:14)
  An oklob plant (Lair:2)
  2 fire giant zombies
  A tengu skeleton (Vaults:1)
  A goliath frog skeleton (Crypt:2)
  5 manticores
  7 cyclopes
  A faun (shapeshifter) (Elf:1)
  17 salamanders
  A worldbinder (Abyss:2)
  A moth of wrath (shapeshifter) (Depths:3)
  30 moths of wrath
  A jorogumo skeleton (Crypt:3)
  30 elephants
  5 will-o-the-wisps
  Maurice (D:8)
  10 guardian serpents
  19 naga magi
  A centaur zombie (Crypt:3)
  A naga zombie (Crypt:2)
  54 black mambas
  2 titan simulacra
  2 rust devils
  2 fire giant skeletons
  12 smoke demons
  2 ice statues (IceCv)
  Joseph (D:7)
  5 demonic crawlers (Pan)
  A dire elephant skeleton (Crypt:2)
  An iron dragon skeleton (Abyss:2)
  20 vault sentinels
  4 orange demons
  An eye of devastation (Slime:2)
  14 cane toads
  An elephant slug zombie (Crypt:3)
  2 human zombies (Vaults:4)
  An alligator snapping turtle zombie (Crypt:3)
  A rime drake (Lair:4)
  2 gargoyles (Volcano)
  An iron troll zombie (Crypt:2)
  3 swamp worm zombies (Swamp:4)
  A steelbarb worm zombie (Crypt:2)
  A kobold demonologist (Pan)
  An unseen horror (D:11)
  40 yaktaurs
  16 komodo dragons
  2 hellions
  16 tormentors (Pan)
  Psyche (D:8)
  8 freezing wraiths
  2 efreet
  5 ancient zymes
  5 hydra zombies (Swamp:4)
  2 yaktaurs (shapeshifter)
  3 ice devils
  2 white draconian skeletons (Crypt:3)
  2 guardian mummies
  A harpy zombie (Abyss:2)
  2 yaktaur skeletons (Vaults:4)
  14 trolls
  5 polar bears
  A merfolk (shapeshifter) (Vaults:5)
  4 meliai
  A tengu simulacrum (Vaults:1)
  A tyrant leech (shapeshifter) (Depths:3)
  8 tyrant leeches
  3 red devils
  A bloated husk (Swamp:4)
  A hellwing (Abyss:2)
  4 raiju
  8 hornets
  A hornet (shapeshifter) (D:15)
  2 polar bears (shapeshifter)
  11 blink frogs
  A shadow dragon simulacrum (Depths:3)
  An ettin zombie (Vaults:4)
  A tarantella (shapeshifter) (Depths:3)
  A jumping spider zombie (Crypt:3)
  A satyr zombie (Crypt:2)
  24 large abominations
  4 spriggan zombies
  8 flying skulls
  4 air elementals
  13 dream sheep
  4 alligator zombies (Swamp:4)
  A frost giant simulacrum (Vaults:1)
  2 spectral swamp dragons (Swamp:4)
  A dream sheep (shapeshifter) (Zig:6)
  A culicivora (Vaults:3)
  A snapping turtle (shapeshifter) (Vaults:5)
  An ice dragon skeleton (Crypt:1)
  A jumping spider (shapeshifter) (Zig:6)
  A merfolk zombie (Crypt:2)
  5 shadows
  12 water elementals
  108 slime creatures
  17 ynoxinuls
  A slime creature (shapeshifter) (Vaults:5)
  15 wraiths
  2 vampires (D:12)
  A spriggan (shapeshifter) (Vaults:5)
  Sigmund (D:6)
  24 starcursed masses
  2 wyverns
  10 fire elementals
  6 basilisks
  59 yaks
  7 chaos spawn
  2 golden eyes (shapeshifter) (Depths:3)
  6 golden eyes
  3 steam dragons
  8 redbacks
  22 humans
  15 vampire mosquitoes
  4 neqoxecs (Pan)
  A wind drake skeleton (Crypt:3)
  2 redbacks (shapeshifter)
  A basilisk (shapeshifter) (Depths:3)
  8 wargs
  2 harpy simulacra
  A swamp worm (shapeshifter) (Depths:3)
  46 nagas
  A skyshark zombie (Crypt:2)
  16 swamp worms
  2 tengu zombies
  2 acid dragons
  15 water moccasins
  16 small abominations (Abyss:2)
  6 hell hounds
  A floating eye (Zot:1)
  2 swamp drakes
  44 orc warriors
  3 glowing shapeshifter skeletons
  3 ice beasts
  2 sky beasts (D:6)
  2 great orb of eyes simulacra (IceCv)
  An ice dragon simulacrum (Crypt:1)
  43 ogres
  2 black bears
  A snapping turtle zombie (Crypt:1)
  2 swamp dragon zombies (Swamp:4)
  23 wolves
  A swamp dragon skeleton (Crypt:2)
  16 centaurs
  5 slime creature simulacra (IceCv)
  2 phantoms
  4 kobold brigands
  An elf zombie (Crypt:2)
  A salamander zombie (Crypt:1)
  14 bullfrogs
  2 necrophages (Crypt:1)
  A draconian skeleton (Crypt:3)
  An earth elemental (Elf:1)
  A two-headed ogre simulacrum (D:13)
  3 gnoll sergeants
  7 scorpions
  3 glowing shapeshifter simulacra (IceCv)
  8 wights
  A polar bear zombie (Crypt:3)
  A raiju zombie (Crypt:1)
  8 killer bees
  12 electric eels
  3 howler monkeys (D:12)
  2 polar bear skeletons
  A troll skeleton (Crypt:1)
  A quasit (Abyss:2)
  A hound (D:7)
  A jelly (D:6)
  10 orc priests
  An iron imp (Abyss:2)
  2 gnoll boudas
  5 hell rats
  12 human skeletons (Vaults:2)
  4 iguanas
  A sleepcap (D:5)
  21 orc wizards
  2 spectral swamp drakes (Swamp:4)
  2 polar bear simulacra (D:13)
  5 shapeshifter simulacra (IceCv)
  2 troll simulacra (D:13)
  2 spriggan simulacra
  An ogre skeleton (Crypt:1)
  A boggart simulacrum (D:11)
  12 mummies (Crypt:3)
  Robin (D:2)
  20 gnolls
  9 adders
  3 naga simulacra
  3 swamp drake zombies (Swamp:4)
  6 white imps
  5 ufetubi
  An iguana zombie (Crypt:3)
  2 dart slugs
  83 orcs
  7 ball pythons
  10 bats
  7 endoplasms
  4 giant cockroaches
  11 goblins
  8 hobgoblins
  3 jackals (D:1)
  5 kobolds
  3 quokkas
  A dart slug zombie (Crypt:2)
  2 frilled lizards (D:1)
  A jackal zombie (Crypt:3)
  6 rats
  2 fire vortices (Hell)
  A starspawn tentacle (Abyss:2)
3038 creatures vanquished.

Vanquished Creatures (others)
  Nessos (Lair:5)
  2 deep elf demonologists (Elf:3)
  A dancing weapon (Elf:2)
  A naga warrior (Snake:4)
  A deep troll shaman (Depths:1)
  A deep elf knight (Elf:3)
  A goliath frog (Swamp:1)
  A phantasmal warrior (Swamp:4)
  A deep elf pyromancer (Elf:1)
  A hellion (Zig:7)
  2 tormentors (Pan)
  3 bloated husks
  A naga (Snake:4)
  A harpy simulacrum (Hell)
  5 phantoms (Swamp:4)
  An orc priest (Elf:1)
  An orc wizard (D:4)
  7 hell rats (Hell)
  4 orcs
  A quokka (D:3)
  A creeping inferno (Hell)
  18 foxfires
  A lurking horror (Abyss:2)
  8 starspawn tentacles
65 creatures vanquished.

Grand Total: 3103 creatures vanquished

Notes
Turn   | Place    | Note
-------+----------+-------------------------------------------
     0 | D:1      | Peloso the Minotaur Fighter began the quest for the Orb.
     0 | D:1      | Reached XP level 1. HP: 19/19 MP: 0/0
   148 | D:1      | Reached XP level 2. HP: 27/27 MP: 1/1
   398 | D:1      | Reached XP level 3. HP: 30/33 MP: 2/2
   428 | D:1      | Found a faded altar of an unknown god.
   780 | D:2      | Reached skill level 1 in Dodging
   844 | D:2      | Reached XP level 4. HP: 40/40 MP: 3/3
  1044 | D:2      | Noticed Robin
  1061 | D:2      | Killed Robin
  1204 | D:2      | Found Xadugrujo's Book Shoppe.
  1441 | D:3      | Found a shimmering altar of Xom.
  2273 | D:4      | Noticed an ogre
  2278 | D:4      | Killed an ogre
  2279 | D:4      | Reached skill level 5 in Armour
  2279 | D:4      | Reached XP level 5. HP: 26/46 MP: 4/4
  2403 | D:4      | Found a basalt altar of Yredelemnul.
  2480 | D:4      | Identified the +1 leather armour of the Thirsty Servitors
                  | {Str+8 Slay-3}
  2495 | D:4      | Found a shimmering blue altar of Sif Muna.
  2509 | D:4      | Reached skill level 5 in Long Blades
  2612 | D:4      | Reached XP level 6. HP: 52/53 MP: 5/5
  2801 | D:4      | Found an ornate altar of the Wu Jian Council.
  3097 | D:5      | Entered Level 5 of the Dungeon
  3264 | D:5      | Reached skill level 1 in Throwing
  3498 | D:5      | Found a broken altar of Ashenzari.
  3670 | D:5      | Reached XP level 7. HP: 45/60 MP: 6/6
  3961 | D:6      | Found a staircase to the Ecumenical Temple.
  3987 | Temple   | Entered the Ecumenical Temple
  4057 | Temple   | Became a worshipper of Warmaster Okawaru
  4092 | D:6      | Reached skill level 5 in Fighting
  4241 | D:6      | Noticed Sigmund
  4274 | D:6      | Killed Sigmund
  4408 | D:6      | Reached * piety under Okawaru
  4409 | D:6      | Reached XP level 8. HP: 42/68 MP: 7/7
  4542 | D:6      | Noticed a troll
  4655 | D:6      | Reached skill level 5 in Shields
  4676 | D:6      | Killed a troll
  5261 | D:6      | Found a hide-covered altar of Uskayaw.
  5412 | D:6      | Reached XP level 9. HP: 78/78 MP: 8/8
  5566 | D:6      | Found a glowing golden altar of the Shining One.
  5844 | D:7      | Noticed Joseph
  5873 | D:7      | Killed Joseph
  6130 | D:7      | Reached skill level 10 in Long Blades
  6140 | D:7      | Reached ** piety under Okawaru
  6359 | D:7      | Found the +10 morningstar "Eos" {elec, Halo rElec}
  6369 | D:7      | Paralysed by a hornet for 2 turns
  6805 | D:7      | Reached skill level 1 in Invocations
  7010 | D:7      | Reached skill level 1 in Maces & Flails
  7392 | D:8      | Reached skill level 10 in Armour
  7403 | D:8      | Reached XP level 10. HP: 66/86 MP: 9/9
  7404 | D:8      | Reached *** piety under Okawaru
  7470 | D:8      | Noticed Psyche
  7477 | D:8      | Killed Psyche
  7478 | D:8      | Reached skill level 5 in Maces & Flails
  8094 | D:8      | Noticed Maurice
  8104 | D:8      | Killed Maurice
  8104 | D:8      | Received a gift from Okawaru
  8421 | D:9      | Reached **** piety under Okawaru
  8560 | D:9      | Found a runed translucent gate.
  8560 | D:9      | Noticed sonasty's ghost (novice DEVM)
  8561 | D:9      | Found a runed translucent gate.
  8561 | D:9      | Identified the +10 plate armour of the Hills {rPois rC+
                  | Will- SInv}
  8562 | D:9      | Found a runed translucent gate.
  8622 | D:9      | Found a staircase to the Lair.
  8835 | D:9      | Found Kafiocw's Jewellery Shop.
  8945 | D:9      | Noticed a cyclops
  8950 | D:9      | Killed a cyclops
  8951 | D:9      | Reached XP level 11. HP: 95/95 MP: 10/10
  9029 | D:10     | Entered Level 10 of the Dungeon
  9029 | D:10     | Found a stormy altar of Qazlal.
  9029 | D:10     | Found a glowing silver altar of Zin.
  9029 | D:10     | Found a blossoming altar of Fedhas.
  9029 | D:10     | Found a sacrificial altar of Ru.
  9130 | D:9      | Reached ***** piety under Okawaru
  9487 | D:10     | Found a bloodstained altar of Trog.
  9563 | D:10     | Found a staircase to the Orcish Mines.
  9803 | D:9      | Received a gift from Okawaru
 10106 | D:10     | Noticed Josephine
 10119 | D:10     | Killed Josephine
 10120 | D:10     | Reached skill level 10 in Maces & Flails
 10735 | D:11     | Identified the +1 pair of gloves of Tuator {rF- Will+
                  | Str+4} (Okawaru gifted it to you on level 11 of the
                  | Dungeon)
 10735 | D:11     | Received a gift from Okawaru
 10780 | D:11     | Noticed Gastronok
 10808 | D:11     | Killed Gastronok
 10940 | D:11     | Noticed a two-headed ogre
 10946 | D:11     | Killed a two-headed ogre
 10951 | D:11     | Reached XP level 12. HP: 98/106 MP: 8/11
 11019 | D:11     | Noticed a centaur warrior
 11032 | D:11     | Reached skill level 10 in Fighting
 11039 | D:11     | Killed a centaur warrior
 11403 | D:11     | Identified the staff of fire "Exes Fin" {rF+ rC+ Int+4}
 11870 | D:12     | You fall into a shaft and drop 3 floors!
 11870 | D:15     | Entered Level 15 of the Dungeon
 11918 | D:13     | Noticed a seven-headed hydra
 11921 | D:13     | Noticed a centaur warrior
 11924 | D:13     | Killed a seven-headed hydra
 11928 | D:13     | Killed a centaur warrior
 12005 | D:13     | Found a frozen archway.
 12031 | D:13     | Noticed a tengu warrior
 12043 | D:13     | Killed a tengu warrior
 12065 | IceCv    | Entered an ice cave
 12289 | IceCv    | Noticed a quicksilver ooze
 12299 | IceCv    | Killed a quicksilver ooze
 12606 | IceCv    | Reached XP level 13. HP: 104/116 MP: 10/13
 13162 | IceCv    | Noticed a quicksilver ooze
 13167 | IceCv    | Killed a quicksilver ooze
 13345 | IceCv    | Found a viscous altar of Jiyva.
 13345 | IceCv    | Noticed an azure jelly
 13361 | IceCv    | Killed an azure jelly
 13361 | IceCv    | Received a gift from Okawaru
 13361 | IceCv    | Reached ****** piety under Okawaru
 13362 | IceCv    | Reached skill level 15 in Maces & Flails
 13416 | IceCv    | Identified the +7 scale mail of Eternal Vigilance {Will+
                  | Slay+3}
 13433 | IceCv    | Got Kairetwo's Lectures on the Chill
 13886 | D:12     | Noticed a fire dragon
 13894 | D:12     | Killed a fire dragon
 14099 | Lair:1   | Entered Level 1 of the Lair of Beasts
 14116 | D:9      | Reached skill level 10 in Shields
 15222 | Lair:2   | Found a dark tunnel.
 15246 | Volcano  | Entered a volcano
 15456 | Volcano  | Identified 2 scrolls of acquirement
 15456 | Volcano  | Acquired 915 gold pieces
 15466 | Volcano  | Acquired the +0 hat of Petz {rF+ rC+ Str+3}
 15761 | Lair:2   | Identified the +1 robe of Yesterday {Rampage Drain rN+
                  | Regen+} (Okawaru gifted it to you on level 2 of the Lair of
                  | Beasts)
 15761 | Lair:2   | Received a gift from Okawaru
 15767 | Lair:2   | Found a staircase to the Swamp.
 16188 | Lair:2   | Reached skill level 5 in Dodging
 16714 | Lair:2   | Reached XP level 14. HP: 89/127 MP: 10/14
 16852 | Lair:3   | Noticed Kirke
 16877 | Lair:2   | Noticed a sphinx
 16877 | Lair:2   | Killed Kirke
 17527 | Lair:3   | Found a staircase to the Snake Pit.
 18371 | Lair:3   | Received a gift from Okawaru
 19122 | Orc:1    | Entered Level 1 of the Orcish Mines
 19436 | Orc:2    | Entered Level 2 of the Orcish Mines
 19637 | Orc:2    | Reached skill level 1 in Stealth
 19962 | Orc:2    | Found Bioh's Antique Weapon Shoppe.
 19962 | Orc:2    | Found Lyihomac's Magic Scroll Shop.
 19963 | Orc:2    | Found Irapuol's Weapon Shop.
 19963 | Orc:2    | Found Saorch's Book Emporium.
 19982 | Orc:2    | Bought a scroll of magic mapping for 105 gold pieces
 20041 | Orc:2    | Reached XP level 15. HP: 117/137 MP: 15/15
 20184 | Orc:2    | Noticed Saint Roka
 20243 | Orc:2    | Killed Saint Roka
 20243 | Orc:2    | Received a gift from Okawaru
 20837 | Orc:2    | Found a staircase to the Elven Halls.
 21635 | D:9      | Killed sonasty's ghost
 22015 | D:13     | Noticed Azrael
 22041 | D:13     | Killed Azrael
 22149 | D:13     | Noticed Sonja
 22151 | D:13     | Killed Sonja
 22290 | D:13     | Identified the ring "Dyn Lioff" {rF+ rC+ Dex+6}
 22301 | D:13     | Found a gate to the Vaults.
 22304 | Abyss:2  | Cast into level 2 of the Abyss (a wizard)
 22390 | Abyss:2  | Noticed a bone dragon
 22405 | Abyss:2  | Killed a bone dragon
 22413 | Abyss:2  | Reached skill level 15 in Shields
 22464 | Abyss:2  | Noticed a tentacled starspawn
 22470 | Abyss:2  | Identified the +0 cloak of the Barnacle {Regen+ Str+2
                  | Int-4} (Okawaru gifted it to you on level 2 of the Abyss)
 22470 | Abyss:2  | Received a gift from Okawaru
 22496 | Abyss:2  | Killed a tentacled starspawn
 22566 | Abyss:2  | Noticed a tentacled starspawn
 22579 | Abyss:2  | Killed a tentacled starspawn
 22580 | Abyss:2  | Reached skill level 15 in Armour
 22634 | D:13     | Escaped the Abyss
 22974 | D:13     | Noticed Erolcha
 22976 | D:13     | Killed Erolcha
 23148 | D:14     | Noticed Rupert
 23157 | D:14     | Killed Rupert
 23183 | D:14     | Found Jigaw's Book Emporium.
 23214 | D:14     | Noticed Lodul
 23224 | D:14     | Killed Lodul
 23249 | D:14     | Found Gozag's Platinum Reserve.
 23253 | D:14     | Found an opulent altar of Gozag.
 23332 | D:14     | Reached skill level 15 in Fighting
 23472 | D:14     | Identified the +8 war axe of Ijomael {spect, rPois Will+}
 23499 | D:14     | Identified the +4 plate armour of Amelioration {rElec rPois
                  | Str+2 Int-5 Dex-4}
 23644 | D:14     | Reached XP level 16. HP: 129/149 MP: 13/17
 23648 | D:14     | Identified the staff of death "Iletosut" {*Slow rElec rN+
                  | Str+4 SInv}
 23801 | D:14     | Identified the +1 scale mail of Muttered Phrases {-Tele
                  | rElec SInv} (Okawaru gifted it to you on level 14 of the
                  | Dungeon)
 23801 | D:14     | Received a gift from Okawaru
 23955 | D:14     | Identified the +0 chain mail of the Sufficient Turtle
                  | {rElec}
 24438 | D:15     | Found a staircase to the Depths.
 24596 | D:15     | Found a portal to a secret trove of treasure.
 24654 | D:15     | Paralysed by an ogre mage for 3 turns
 26730 | Lair:4   | Found a transporter.
 27051 | Lair:4   | Found a transporter.
 27052 | Lair:4   | Found the +2 cloak of the Thief {*Fog Slay-2 SInv Stlth+}
 27291 | Lair:5   | Entered Level 5 of the Lair of Beasts
 27291 | Lair:5   | Noticed Nessos
 27296 | Lair:5   | Killed Nessos
 27298 | Lair:5   | Received a gift from Okawaru
 27348 | Lair:5   | HP: 7/151 [four-headed hydra (2)]
 27617 | Lair:5   | Identified the +5 fire dragon scales of Kujui {rF++ rC-
                  | rCorr Int+2} (Okawaru gifted it to you on level 5 of the
                  | Lair of Beasts)
 27617 | Lair:5   | Received a gift from Okawaru
 28071 | Lair:5   | Found a viscous altar of Jiyva.
 28071 | Lair:5   | Found a staircase to the Slime Pits.
 28268 | Lair:5   | Reached XP level 17. HP: 67/158 MP: 8/18
 28390 | Lair:5   | Identified the staff of cold "Woiczej" {Fragile rElec rC+
                  | rCorr Stlth+}
 28391 | Lair:5   | Identified the +11 dagger of Fear {heavy, Dex+3 SInv}
 29114 | Snake:1  | Entered Level 1 of the Snake Pit
 29139 | Snake:1  | Reached skill level 1 in Evocations
 30321 | Snake:1  | Identified the +5 ring mail "Ybaiv" {rC+++ Int+2 Slay-6}
 30821 | Snake:2  | Received a gift from Okawaru
 30859 | Snake:2  | Found a transporter.
 30860 | Snake:2  | Found a transporter.
 30873 | Snake:2  | Found Zuegeth's Assorted Antiques.
 30877 | Snake:2  | Found Lubron's Antique Weapon Shoppe.
 31199 | Snake:2  | Identified the +8 demon whip "Xios" {vamp, rN+} (Okawaru
                  | gifted it to you on level 2 of the Snake Pit)
 31199 | Snake:2  | Received a gift from Okawaru
 31764 | Snake:2  | Received a gift from Okawaru
 31778 | Snake:2  | Identified the +1 pair of gloves "Poagho Ror" {rF+}
 31783 | Snake:2  | Identified the +2 robe of Axukixt {Fly rN+ Slay-6}
 32086 | D:15     | You paid a toll of a +8 demon whip to enter a treasure
                  | trove
 32087 | Trove    | Entered a treasure trove
 32089 | Trove    | Found the ring of the Octopus King
 32094 | Trove    | Identified the amulet "Omumymm" {Acrobat rF+ rN+}
 32098 | Trove    | Identified the amulet of the Commoners {Acrobat rElec Str+2
                  | Int+4 Stlth-}
 32102 | Trove    | Identified a ring of the Octopus King {Wiz HP+2 AC+2 EV+2
                  | SH+2}
 32108 | Trove    | Identified the ring "Yzyesmad" {rPois Will+ rCorr Dex+3
                  | Slay-6}
 32112 | Trove    | Identified the ring "Keler" {*Corrode rC+ rN+ Str+3}
 32114 | Trove    | Identified the ring "Zemy" {Str+4 SInv}
 32116 | Trove    | Identified the ring of Hodyup Dihu {rC+ AC+4 Str+9 Slay-2}
 32118 | Trove    | Identified the ring "Wacuinn" {rN+ Will+ AC+4 Dex+3 Stlth-}
 32217 | D:15     | Acquired the +2 pair of slick slippers {slick, slippery,
                  | EV+4}
 32217 | D:15     | Found the +2 pair of slick slippers {slick, slippery, EV+4}
 32536 | Elf:1    | Entered Level 1 of the Elven Halls
 32841 | Elf:1    | Found a runed translucent gate.
 32841 | Elf:1    | Found a runed translucent gate.
 32841 | Elf:1    | Found a runed translucent gate.
 32841 | Elf:1    | Found a runed translucent gate.
 32841 | Elf:1    | Found a runed translucent gate.
 32843 | Elf:1    | Found a runed translucent gate.
 33009 | Elf:1    | Received a gift from Okawaru
 33216 | Elf:1    | Paralysed by an air elemental for 1 turns
 33272 | Elf:1    | Reached XP level 18. HP: 162/170 MP: 19/19
 33901 | Elf:2    | Identified the scarf "Ottoz" {harm, rPois rC+} (Okawaru
                  | gifted it to you on level 2 of the Elven Halls)
 33901 | Elf:2    | Received a gift from Okawaru
 34003 | Elf:2    | Found a huge runed translucent gate.
 34003 | Elf:2    | Found a huge runed translucent gate.
 34003 | Elf:2    | Found a huge runed translucent gate.
 34005 | Elf:2    | Found a huge runed translucent gate.
 34007 | Elf:2    | Found a huge runed translucent gate.
 34067 | Elf:2    | Paralysed by an air elemental for 1 turns
 34073 | Elf:2    | Paralysed by an air elemental for 1 turns
 34562 | Elf:3    | Entered Level 3 of the Elven Halls
 34933 | Elf:3    | Received a gift from Okawaru
 35057 | Elf:3    | Found Ymetaa Weone's Assorted Antiques.
 35066 | Elf:3    | Bought a glimmering plate armour for 1092 gold pieces
 35066 | Elf:3    | Identified the +0 plate armour "Xoappoith" {rN+ Str+3
                  | Int+3} (You bought it in a shop on level 3 of the Elven
                  | Halls)
 35267 | Elf:3    | Identified the +4 mace of the Forest {freeze, rElec rC+}
 35267 | Elf:3    | Identified the +1 trident of Calamity {drain, rN+ rCorr
                  | Int+4}
 35301 | Elf:3    | Received a gift from Okawaru
 35302 | Elf:3    | Noticed an Ice Fiend
 35302 | Elf:3    | Identified the +1 robe "Biamyeng" {rC+ rCorr}
 35319 | Elf:3    | Noticed an Ice Fiend
 35320 | Elf:3    | Identified the +9 dagger of Faamn {holy, rC+ Str+2 SInv}
 35320 | Elf:3    | Identified the orb "Ykabug" {*Rage, rF+ Stlth+}
 35321 | Elf:3    | Received a gift from Okawaru
 36145 | Elf:3    | Got the Handbook of Underground Necromancy
 36173 | Elf:3    | Identified the +4 whip of the Twisting Spider {venom, rC+}
 36666 | Snake:3  | Reached XP level 19. HP: 178/181 MP: 20/20
 36776 | Snake:3  | Received a gift from Okawaru
 36831 | Snake:3  | Noticed Mara
 36835 | Snake:3  | Found a stormy altar of Qazlal.
 36836 | Snake:3  | Noticed Peloso's illusion
 36885 | Snake:3  | Killed Mara
 37336 | Snake:3  | Identified the +0 plate armour of Ruavenou {rElec rC- rCorr
                  | SInv} (Okawaru gifted it to you on level 3 of the Snake
                  | Pit)
 37336 | Snake:3  | Received a gift from Okawaru
 37340 | Snake:3  | Noticed Mlioglotl
 37357 | Snake:3  | Killed Mlioglotl
 38538 | Snake:4  | Entered Level 4 of the Snake Pit
 40170 | Snake:4  | Got a serpentine rune of Zot
 40225 | Snake:4  | Identified the +0 scale mail of Lifelessness {Drain *Slow
                  | rCorr SInv} (Okawaru gifted it to you on level 4 of the
                  | Snake Pit)
 40225 | Snake:4  | Received a gift from Okawaru
 40468 | Snake:4  | Found Reth's Book Shop.
 40468 | Snake:4  | Found Qoraol's Jewellery Shoppe.
 40496 | Snake:4  | Found Hecliwk's Book Shop.
 40780 | Swamp:1  | Entered Level 1 of the Swamp
 41514 | Swamp:2  | Reached XP level 20. HP: 149/193 MP: 21/21
 41943 | Swamp:2  | Identified the +3 chain mail of Pleasant Breezes {Str+3
                  | Int+2}
 43159 | Swamp:3  | Reached skill level 10 in Dodging
 43174 | Swamp:3  | Received a gift from Okawaru
 43425 | Swamp:4  | Entered Level 4 of the Swamp
 43699 | Swamp:4  | Identified the +6 glaive of Velun {vamp, rC+ Will+ Int+3}
 44298 | Swamp:4  | Noticed a bone dragon
 44321 | Swamp:4  | Killed a bone dragon
 44463 | Swamp:4  | Got a decaying rune of Zot
 44686 | Vaults:1 | Entered Level 1 of the Vaults
 44713 | Vaults:1 | Found Qoiliphe's Antique Armour Shoppe.
 44756 | Vaults:1 | Bought a pair of blackened boots for 199 gold pieces
 44756 | Vaults:1 | Identified the +1 pair of boots "Opaerof" {rElec rF++ MP+9
                  | Int+2} (You bought it in a shop on level 1 of the Vaults)
 45171 | Vaults:1 | Noticed Zenata
 45196 | Abyss:2  | Cast into level 2 of the Abyss (+1 broad axe of distortion)
 45198 | Abyss:2  | Found a corrupted altar of Lugonu.
 45294 | Abyss:2  | Found a corrupted altar of Lugonu.
 45379 | Abyss:2  | Found a corrupted altar of Lugonu.
 45394 | Abyss:2  | Received a gift from Okawaru
 45466 | Abyss:2  | Found a corrupted altar of Lugonu.
 45931 | Abyss:2  | Paralysed by accursed screaming for 1 turns
 45959 | Abyss:2  | Reached XP level 21. HP: 144/204 MP: 22/22
 45968 | Vaults:1 | Escaped the Abyss
 45987 | Vaults:1 | Killed Zenata
 46150 | Vaults:1 | Found Umoisoti's Antique Armour Emporium.
 46300 | Vaults:1 | Found Deixisant's Antique Weapon Boutique.
 47071 | Vaults:2 | Identified the +9 arbalest of Oenomania {freeze, rElec
                  | Will++ SInv}
 47122 | Vaults:2 | Found a staircase to the Crypt.
 47299 | Vaults:2 | Identified the +4 scale mail "Jitaaz" {Drain Will+ Int+3
                  | Dex+4} (Okawaru gifted it to you on level 2 of the Vaults)
 47299 | Vaults:2 | Received a gift from Okawaru
 47756 | Vaults:2 | Found Goevuy's Antique Armour Emporium.
 47756 | Vaults:2 | Found Binur's Weapon Emporium.
 47803 | Vaults:2 | Found Caacuetsamn's Antique Armour Emporium.
 47816 | Vaults:2 | Bought a pair of heavily runed gloves for 418 gold pieces
 47816 | Vaults:2 | Identified the +2 pair of gloves of the Butterfly {rCorr
                  | MP+9 Dex-3} (You bought it in a shop on level 2 of the
                  | Vaults)
 47848 | Vaults:2 | Bought shimmering storm dragon scales for 3740 gold pieces
 47848 | Vaults:2 | Identified the +6 storm dragon scales "Tiureef" {*Slow
                  | rElec rPois Dex+4} (You bought it in a shop on level 2 of
                  | the Vaults)
 47863 | Vaults:2 | Bought a smoking chain mail for 418 gold pieces
 47863 | Vaults:2 | Identified the +3 chain mail of Stoicism {+Inv rCorr Str-4}
                  | (You bought it in a shop on level 2 of the Vaults)
 47977 | Vaults:2 | Found Holegier's Weapon Shop.
 48625 | Vaults:3 | Found a flickering gateway to a bazaar.
 48643 | Bazaar   | Entered a bazaar
 48651 | Bazaar   | Found Suchos's Antique Armour Shop.
 48685 | Bazaar   | Found Kyjuq's Book Shop.
 48715 | Bazaar   | Bought a transparent cloak for 228 gold pieces
 48715 | Bazaar   | Identified the +1 cloak of Uguagug {+Inv Regen+ Dex+2} (You
                  | bought it in a shop in a bazaar)
 48857 | Vaults:3 | Noticed Aizul
 48876 | Vaults:3 | Killed Aizul
 48972 | Vaults:3 | Noticed Nikola
 49011 | Vaults:3 | Killed Nikola
 49385 | Vaults:3 | Received a gift from Okawaru
 49508 | Vaults:3 | Reached XP level 22. HP: 216/216 MP: 23/23
 49585 | Vaults:3 | Reached skill level 27 in Shields
 50355 | Vaults:4 | Noticed Margery
 50375 | Vaults:4 | Killed Margery
 50541 | Vaults:4 | Noticed Bai Suzhen
 50562 | Vaults:4 | Killed Bai Suzhen
 50681 | Vaults:4 | Identified the +1 cloak of Ruusadoo {Harm} (Okawaru gifted
                  | it to you on level 4 of the Vaults)
 50681 | Vaults:4 | Received a gift from Okawaru
 50988 | Vaults:4 | Identified the +2 pair of boots of the Watchman {Str+3}
 52500 | Vaults:5 | Entered Level 5 of the Vaults
 52592 | Vaults:4 | Received a gift from Okawaru
 52897 | Vaults:4 | Reached XP level 23. HP: 222/229 MP: 24/24
 53242 | Vaults:5 | Got a silver rune of Zot
 54161 | Vaults:5 | Received a gift from Okawaru
 54266 | Vaults:5 | Identified the +1 leather armour "Ebimmaizamp" {+Blink
                  | rElec Slay-3}
 54430 | Vaults:5 | Noticed an ancient lich
 54458 | Vaults:5 | Killed an ancient lich
 54562 | Vaults:5 | Noticed a dread lich
 54579 | Vaults:5 | Killed a dread lich
 54623 | Vaults:5 | Identified the staff of cold "Minkagot" {rC+ rCorr MP+9
                  | SInv}
 55094 | Vaults:5 | Received a gift from Okawaru
 55098 | Vaults:5 | Identified the ring of Xutseas {rPois rC- rCorr Dex-3
                  | Stlth+}
 55442 | Vaults:5 | Got the Elucidation of Destruction
 56294 | Crypt:1  | Entered Level 1 of the Crypt
 57309 | Crypt:2  | Identified the +0 robe of Vexi Yty {Drain rPois Str+4}
                  | (Okawaru gifted it to you on level 2 of the Crypt)
 57309 | Crypt:2  | Received a gift from Okawaru
 57310 | Crypt:2  | Reached XP level 24. HP: 211/244 MP: 24/24
 57597 | Crypt:2  | Noticed Donald
 57613 | Crypt:2  | Killed Donald
 57708 | Crypt:2  | Identified the +0 robe "Xowiadgh" {rC++ Archmagi}
 58199 | Crypt:3  | Entered Level 3 of the Crypt
 58505 | Crypt:3  | Found an ancient bone altar of Kikubaaqudgha.
 58887 | Crypt:3  | Found a staircase to the Tomb.
 58989 | Crypt:3  | Received a gift from Okawaru
 59118 | Crypt:3  | Noticed an ancient lich
 59354 | Crypt:3  | Reached skill level 27 in Maces & Flails
 59435 | Crypt:3  | Reached skill level 27 in Fighting
 59650 | Crypt:3  | Noticed a dread lich
 59650 | Crypt:3  | Noticed an ancient lich
 59660 | Crypt:3  | Killed a dread lich
 59668 | Crypt:3  | Killed an ancient lich
 59676 | Crypt:3  | Identified the ring of Symmetry {Fire Int+3}
 59695 | Crypt:3  | Killed an ancient lich
 59709 | Crypt:3  | Got Practical Hermeneutics
 59713 | Crypt:3  | Identified the +4 mace "Hydrabane" {protect, Will+ Str-4
                  | Int+2}
 59716 | Crypt:3  | Identified the ring "Joiwesyxt" {rN+ Dex+4}
 59716 | Crypt:3  | Identified the ring "Puffeupn" {rN+ Str+3 Int+3 SInv}
 59716 | Crypt:3  | Identified the ring of Divine Intervention {rPois rN+}
 59726 | Crypt:3  | Got the Tractate on Kinetic Metamorphosis
 60073 | Depths:1 | Entered Level 1 of the Depths
 60138 | Depths:1 | Identified the +6 falchion of Xiosmapo {pain, rC+ MP+9
                  | Int-5 Dex+5} (Okawaru gifted it to you on level 1 of the
                  | Depths)
 60138 | Depths:1 | Received a gift from Okawaru
 60334 | Depths:1 | Noticed Sojobo
 60347 | Depths:1 | Killed Sojobo
 60358 | Depths:1 | Reached XP level 25. HP: 243/257 MP: 24/24
 60386 | Depths:1 | Found a gateway to Hell.
 60559 | Depths:1 | Found an iron altar of Okawaru.
 60563 | Depths:1 | Identified the staff of air "Caepik" {rElec rF- rC+++ Int+4
                  | SInv}
 61025 | Depths:2 | Identified the +1 hat of Agetsueg {Harm Int+3} (Okawaru
                  | gifted it to you on level 2 of the Depths)
 61025 | Depths:2 | Received a gift from Okawaru
 61069 | Depths:2 | Found a one-way gate leading to the halls of Pandemonium.
 61167 | Depths:2 | Noticed Vv
 61196 | Depths:2 | Killed Vv
 61315 | Depths:2 | Noticed a juggernaut
 61341 | Depths:2 | Killed a juggernaut
 61582 | Depths:2 | Identified the +3 dagger "Heosmae" {freeze, rElec rF+
                  | rCorr}
 62148 | Depths:3 | Found a one-way gate to the infinite horrors of the Abyss.
 62485 | Depths:3 | Identified the +1 chain mail of the Postmodern Planets {Fly
                  | Regen+} (Okawaru gifted it to you on level 3 of the Depths)
 62485 | Depths:3 | Received a gift from Okawaru
 62718 | Depths:3 | Found a one-way gateway to a ziggurat.
 62883 | Depths:3 | Noticed Parghit
 63130 | Depths:3 | Killed Parghit
 63583 | Depths:3 | Identified the amulet of Locvaudo {Acrobat rElec}
 63673 | Depths:3 | Identified the +10 halberd of Viamerut {vamp, rF+ Will+
                  | rCorr}
 63809 | Depths:3 | Reached skill level 15 in Long Blades
 64050 | Depths:4 | Entered Level 4 of the Depths
 64167 | Depths:4 | Reached XP level 26. HP: 191/266 MP: 25/25
 64281 | Depths:4 | Found a gate to the Realm of Zot.
 64605 | Depths:4 | Received a gift from Okawaru
 65064 | Depths:4 | Noticed Frederick
 65079 | Depths:4 | Killed Frederick
 65591 | Hell     | Entered the Vestibule of Hell
 65591 | Hell     | Noticed Geryon
 65679 | Hell     | Noticed Murray
 65895 | Depths:1 | Killed Murray
 66748 | Hell     | Killed Geryon
 67123 | Hell     | Found a gateway to the Iron City of Dis.
 67172 | Hell     | Found a gateway to the ashen valley of Gehenna.
 67243 | Hell     | Found a gateway to the decaying netherworld of Tartarus.
 67301 | Hell     | Found a gateway to the freezing wastes of Cocytus.
 67570 | Zot:1    | Entered Level 1 of the Realm of Zot
 67665 | Zot:1    | You fall into a shaft and drop 1 floor!
 68016 | Zot:2    | Identified the +2 morningstar of Kereuc {speed, *Corrode
                  | rF+++ rN+++ Dex-2} (Okawaru gifted it to you on level 2 of
                  | the Realm of Zot)
 68016 | Zot:2    | Received a gift from Okawaru
 68310 | Zot:1    | Noticed a dread lich
 68312 | Zot:1    | Noticed a dread lich
 68323 | Zot:1    | Killed a dread lich
 68327 | Zot:1    | Paralysed by a dread lich for 2 turns
 68328 | Zot:1    | HP: 12/265 [black draconian/+0 halberd (5)]
 68707 | Zot:1    | Killed a dread lich
 68726 | Zot:1    | Reached skill level 27 in Armour
 68849 | Zot:1    | Noticed a dread lich
 68861 | Zot:1    | Killed a dread lich
 68861 | Zot:1    | Identified the +3 war axe "Kunueloe" {freeze, rPois Str-2
                  | Dex+6 Stlth+} (Okawaru gifted it to you on level 1 of the
                  | Realm of Zot)
 68861 | Zot:1    | Received a gift from Okawaru
 68921 | Zot:1    | Noticed a dread lich
 68930 | Zot:1    | Killed a dread lich
 69017 | Zot:1    | Noticed a dread lich
 69024 | Zot:1    | Paralysed by a dread lich for 2 turns
 69027 | Zot:1    | Killed a dread lich
 69028 | Zot:1    | Reached XP level 27. HP: 273/273 MP: 25/25
 69069 | Zot:1    | Noticed a dread lich
 69071 | Zot:1    | Identified the amulet of the Quahog {RegenMP rN+ MP+9}
 69085 | Zot:1    | Killed a dread lich
 69193 | Zot:1    | Found the +4 Cigotuvi's embrace {Corpsefed rMiasma Drain
                  | rN+}
 69194 | Zot:1    | Identified the staff of cold "Dopsag" {rElec rF+ rC+ Int-2}
 69195 | Zot:1    | Identified the staff of cold "Rapnoz" {rPois rC+ Will-
                  | Str+3}
 69196 | Zot:1    | Identified the staff of conjuration "Pulytawi" {Fly rF+
                  | Dex+5}
 70498 | Zot:3    | Received a gift from Okawaru
 71445 | Zot:4    | Identified the +8 chain mail of the Salamander {Fly}
 71636 | Zot:4    | Identified the +8 hand axe "Beastbane" {drain, rC+ Dex+2}
 71667 | Zot:4    | Identified the +7 short sword of Rotten Indomitability
                  | {flame, Fly rPois rN+ rCorr}
 71668 | Zot:4    | Identified the +9 spear of Wu Jian's Pride {heavy, rN+
                  | Str+2}
 71669 | Zot:4    | Identified the +1 flail of Capital Punishment {distort,
                  | *Noise rF+ rCorr}
 72617 | Zot:5    | Entered Level 5 of the Realm of Zot
 72740 | Zot:5    | Identified the +8 mace of the Hurting Enemy {drain, Int+3}
                  | (Okawaru gifted it to you on level 5 of the Realm of Zot)
 72740 | Zot:5    | Received a gift from Okawaru
 72889 | Zot:5    | Acquired a +4 heavy double sword
 73567 | Zot:5    | Noticed a dread lich
 73569 | Zot:5    | Noticed a dread lich
 73575 | Zot:5    | Noticed an orb of fire
 73579 | Zot:5    | Killed a dread lich
 73582 | Zot:5    | Gained mutation: You are frail. (-10% HP) [an orb of fire]
 73583 | Zot:5    | Killed a dread lich
 73590 | Zot:5    | Killed an orb of fire
 73603 | Zot:5    | Noticed a dread lich
 73619 | Zot:5    | Killed a dread lich
 73966 | Zot:5    | Noticed a dread lich
 73967 | Zot:5    | Noticed a dread lich
 73974 | Zot:5    | Paralysed by a dread lich for 3 turns
 73982 | Zot:5    | Killed a dread lich
 73994 | Zot:5    | Killed a dread lich
 74130 | Zot:5    | Noticed an orb of fire
 74131 | Zot:5    | Noticed an ancient lich
 74136 | Zot:5    | Noticed an ancient lich
 74138 | Zot:5    | Gained mutation: You are vulnerable to heat. (rF-) [an orb
                  | of fire]
 74139 | Zot:5    | Gained mutation: You are very frail. (-20% HP) [an orb of
                  | fire]
 74140 | Zot:5    | Noticed a dread lich
 74144 | Zot:5    | Noticed a dread lich
 74304 | Zot:5    | Gained mutation: Your magical capacity is low. (-10% MP)
                  | [an orb of fire]
 74315 | Zot:5    | Killed an orb of fire
 74315 | Zot:5    | Identified the +0 robe "Jeoqarch" {Int-4 Dex+6 Slay+2}
                  | (Okawaru gifted it to you on level 5 of the Realm of Zot)
 74315 | Zot:5    | Received a gift from Okawaru
 74414 | Zot:5    | Killed an ancient lich
 74415 | Zot:5    | Reached skill level 5 in Invocations
 74451 | Zot:5    | Reached skill level 27 in Long Blades
 74474 | Zot:5    | Killed a dread lich
 74481 | Zot:5    | Killed an ancient lich
 74546 | Zot:5    | Killed a dread lich
 74723 | Zot:5    | Reached skill level 5 in Stealth
 75367 | Pan      | Entered Pandemonium
 75394 | Pan      | Got the Folio of Deathly Variation
 75473 | Pan      | Noticed Negali the pandemonium lord
 75490 | Pan      | Killed Negali the pandemonium lord
 75868 | Pan      | Paralysed by a wendigo for 1 turns
 75971 | Pan      | Gained mutation: You occasionally shout uncontrollably at
                  | your foes. [a neqoxec]
 76102 | Pan      | Reached skill level 5 in Evocations
 76849 | Pan      | Found an opulent altar of Gozag.
 76889 | Pan      | Found Vunauguc's Assorted Sundries.
 76891 | Pan      | Found an opulent altar of Gozag.
 76913 | Pan      | Noticed a dread lich
 76914 | Pan      | Found Vunauguc's Book Shop.
 76917 | Pan      | Killed a dread lich
 76917 | Pan      | Identified the +0 pair of gloves of the Enormous God
                  | {Rampage rC+ Will-} (Okawaru gifted it to you in
                  | Pandemonium)
 76917 | Pan      | Received a gift from Okawaru
 76948 | Pan      | Bought a scroll of brand weapon for 171 gold pieces
 76948 | Pan      | Bought a scroll of enchant weapon for 135 gold pieces
 76957 | Pan      | Noticed Vunauguc the pandemonium lord
 76971 | Pan      | Killed Vunauguc the pandemonium lord
 76981 | Pan      | Found an opulent altar of Gozag.
 77014 | Pan      | HP: 10/218 [flayed ghost/flay_damage[a demonspawn
                  | corrupter] (2)]
 77140 | Pan      | Found Vunauguc's Infernal Boutique.
 77265 | Pan      | Found Vunauguc's Demonic Rune Market.
 77767 | Depths:2 | Escaped Pandemonium
 78039 | Slime:1  | Entered Level 1 of the Pits of Slime
 78911 | Slime:3  | Gained mutation: You are clumsy. (Dex -2) [a shining eye]
 78919 | Slime:3  | Gained mutation: Your body sometimes deteriorates upon
                  | taking damage. [a shining eye]
 79193 | Slime:5  | Entered Level 5 of the Pits of Slime
 79242 | Slime:5  | Reached skill level 10 in Invocations
 79429 | Slime:5  | Gained mutation: You occasionally lose the ability to read
                  | scrolls when taking damage. [a shining eye]
 79609 | Slime:5  | Noticed the Royal Jelly
 79621 | Slime:5  | Killed the Royal Jelly
 79885 | Slime:5  | Found the +6 Majin-Bo {spellvamp, MP+6 Int+6}
 79891 | Slime:5  | Identified the +0 robe of Benevolence {-Tele *Slow +Inv
                  | rElec}
 79905 | Slime:5  | Got a slimy rune of Zot
 79915 | Slime:5  | Identified the orb of the Trilobite {guile, Harm SInv}
 79933 | Slime:5  | Got Quqip's Spellbook of Vapour
 79957 | Slime:5  | Identified the +8 great mace of Exquisite Torment {heavy,
                  | +Blink rPois rF+ Str-3 Int+2}
 79967 | Slime:5  | Identified the ring of the Firefly {EV+5 Str-4 Int+8 Dex+2
                  | Stlth+}
 80011 | Slime:5  | Identified the +1 robe "Sebeom" {*Slow Str+8 Dex+3 SInv}
 80512 | D:15     | Lost mutation: You occasionally lose the ability to read
                  | scrolls when taking damage. [potion of mutation]
 80512 | D:15     | Lost mutation: You are clumsy. (Dex -2) [potion of
                  | mutation]
 80512 | D:15     | Lost mutation: You are vulnerable to heat. (rF-) [potion of
                  | mutation]
 80512 | D:15     | Gained mutation: You are dopey. (Int -2) [potion of
                  | mutation]
 80512 | D:15     | Lost mutation: You occasionally shout uncontrollably at
                  | your foes. [potion of mutation]
 80513 | D:15     | Lost mutation: You are dopey. (Int -2) [potion of mutation]
 80513 | D:15     | Lost mutation: Your body sometimes deteriorates upon taking
                  | damage. [potion of mutation]
 80513 | D:15     | Gained mutation: Your muscles are strong. (Str +4, Int/Dex
                  | -1) [potion of mutation]
 80513 | D:15     | Gained mutation: You have a pair of large horns on your
                  | head. [potion of mutation]
 80513 | D:15     | Gained mutation: You have hidden genetic defects. [potion
                  | of mutation]
 80513 | D:15     | Lost mutation: You have hidden genetic defects. [potion of
                  | mutation]
 80514 | D:15     | Lost mutation: You have a pair of large horns on your head.
                  | [potion of mutation]
 80514 | D:15     | Lost mutation: Your magical capacity is low. (-10% MP)
                  | [potion of mutation]
 80514 | D:15     | Lost mutation: You are very frail. (-20% HP) [potion of
                  | mutation]
 80514 | D:15     | Gained mutation: You are dopey. (Int -2) [potion of
                  | mutation]
 80514 | D:15     | Lost mutation: You are frail. (-10% HP) [potion of
                  | mutation]
 80514 | D:15     | Gained mutation: You do not regenerate when monsters are
                  | visible. [potion of mutation]
 80515 | D:15     | Lost mutation: You do not regenerate when monsters are
                  | visible. [potion of mutation]
 80515 | D:15     | Lost mutation: You are dopey. (Int -2) [potion of mutation]
 80515 | D:15     | Lost mutation: Your muscles are strong. (Str +4, Int/Dex
                  | -1) [potion of mutation]
 80515 | D:15     | Gained mutation: Your spells are a little harder to cast,
                  | but a little more powerful. [potion of mutation]
 80515 | D:15     | Gained mutation: You are somewhat resistant to further
                  | mutation. [potion of mutation]
 80867 | Snake:2  | Bought a potion of heal wounds for 170 gold pieces
 83150 | Orc:2    | Bought a scroll of poison for 56 gold pieces
 83415 | Zig:1    | Entered Level 1 of a ziggurat
 83500 | Zig:2    | Entered Level 2 of a ziggurat
 83533 | Zig:3    | Entered Level 3 of a ziggurat
 83664 | Zig:4    | Entered Level 4 of a ziggurat
 83697 | Zig:4    | Identified the +1 leather armour of the Unstoppable Places
                  | {Rampage}
 83814 | Zig:5    | Entered Level 5 of a ziggurat
 83862 | Zig:5    | Identified the +0 plate armour of Servitude {-Tele Rampage
                  | rCorr Int-3}
 83864 | Zig:5    | Identified the +2 flail "Xusakh" {flame, *Corrode rC+ Will+
                  | Str+9}
 83980 | Zig:6    | Entered Level 6 of a ziggurat
 83987 | Zig:6    | Noticed an ancient lich
 83999 | Zig:6    | Killed an ancient lich
 84018 | Zig:6    | Identified the ring of Nemelex Xobeh's Scorn {Drain rPois
                  | rF+ rC+ rN+}
 84025 | Zig:6    | Identified the staff of air "Mumarph" {rElec rN+ Will-
                  | Int+2}
 84040 | Zig:7    | Entered Level 7 of a ziggurat
 84048 | Zig:7    | Noticed an ancient lich
 84062 | Zig:7    | Killed an ancient lich
 84397 | Zig:8    | Entered Level 8 of a ziggurat
 84424 | Zig:8    | Received a gift from Okawaru
 84580 | Zig:8    | Reached skill level 1 in Unarmed Combat
 84720 | Zig:9    | Entered Level 9 of a ziggurat
 84738 | Zig:9    | Noticed an ancient lich
 84755 | Zig:9    | Killed an ancient lich
 84760 | Zig:9    | Paralysed by accursed screaming for 2 turns
 84795 | Zig:9    | Got the Textbook on Snow
 84796 | Zig:9    | Identified the staff of earth "Miacrin" {rElec Str+2 SInv
                  | Stlth+}
 85043 | Zig:10   | Entered Level 10 of a ziggurat
 85071 | Zig:10   | Noticed a dread lich
 85073 | Zig:10   | Noticed a dread lich
 85074 | Zig:10   | Killed a dread lich
 85087 | Zig:10   | Killed a dread lich
 85138 | Zig:10   | Reached skill level 15 in Dodging
 85150 | Zig:10   | Identified the +6 whip of Incongruity {distort, rPois rF-
                  | rC+ rCorr}
 85277 | Zig:11   | Entered Level 11 of a ziggurat
 85292 | Zig:11   | Noticed an ancient lich
 85292 | Zig:11   | Noticed an ancient lich
 85313 | Zig:11   | Identified the +11 plate armour "Laon" {rElec rF+ rC+
                  | Stlth+} (Okawaru gifted it to you on level 11 of a
                  | ziggurat)
 85313 | Zig:11   | Received a gift from Okawaru
 85317 | Zig:11   | Killed an ancient lich
 85343 | Zig:11   | Killed an ancient lich
 85344 | Zig:11   | Reached skill level 5 in Unarmed Combat
 85448 | Zig:11   | Found the +7 staff of the Meek {protect, meekguard}
 85455 | Zig:11   | Identified the ring of Bodily Harmony {Wiz rElec Int+2
                  | Dex-3}
 85458 | Zig:11   | Identified the +8 great mace of Sin {elec, *Rage rCorr
                  | Int+3 Dex+2}
 85459 | Zig:11   | Identified the +4 scale mail of the Slorg {Harm rElec rPois
                  | rC+}
 85463 | Zig:11   | Identified the +3 leather armour of Esoex {Slay+2}
 85518 | Zig:12   | Entered Level 12 of a ziggurat
 85532 | Zig:12   | Noticed a juggernaut
 85540 | Zig:12   | Noticed a juggernaut
 85544 | Zig:12   | Noticed a juggernaut
 85553 | Zig:12   | Killed a juggernaut
 85553 | Zig:12   | Killed a juggernaut
 85559 | Zig:12   | Killed a juggernaut
 85592 | Zig:12   | Identified the +0 ring mail of the Hall of Blades {*Corrode
                  | rElec rC+ Int+3}
 85594 | Zig:12   | Identified the staff of cold "Uqoch" {Contam rF+ rC+ rN+
                  | rCorr}
 85753 | Zig:13   | Entered Level 13 of a ziggurat
 85776 | Zig:13   | Paralysed by a wendigo for 1 turns
 85798 | Zig:13   | Paralysed by a wendigo for 1 turns
 85800 | Zig:13   | HP: 5/409 [nargun (32)]
 85801 | Zig:13   | Slain by a shard shrike

Illustrated notes

Levels and vault maps discovered:
D:1:      dpeg_arrival_shrine, layout_basic, basic_ecumenical_altar,
          minmay_tromino_v2
D:2:      layout_rooms, serial_shops, nicolae_lakefront_shop, uniq_robin
D:3:      layout_loops_cross, xom_confusion_cloud
D:4:      layout_basic, nicolae_wu_jian_immortal_techniques, led_sif_book,
          mainiacjoe_overflow_boulevard, kennysheep_cross_room
D:5:      layout_basic, ashenzari_altar_1, minmay_misc_feat_iff
D:6:      minmay_clustersquares, layout_basic, overflow_temple_1_default,
          marbit_many_paths, minmay_temple_entry_grid, uniq_sigmund
D:7:      black_bear_nest_1, layout_loops_corners, kennysheep_cross_bottleneck,
          uniq_joseph
D:8:      layout_basic, wad_dig_loot, uniq_psyche, uniq_maurice
D:9:      layout_roguey, lair_entry_dummy, biasface_ghost_orc_armoury,
          nicolae_concentric_dashed_squares_wild, nicolae_take_the_stairs
D:10:     layout_rooms, trog_butcher_becter,
          chequers_temple_overflow_statue_of_worship,
          kennysheep_orc_monster_closet_entryway, uniq_josephine
D:11:     minmay_the_grid_triangle_9x9_rhombus_thin
          [minmay_the_grid_triangle_9x9_swiss_cheese,
          minmay_the_grid_triangle_9x9_prize_center,
          minmay_the_grid_triangle_9x9_dagger,
          minmay_the_grid_triangle_9x9_zippers_horizontal], layout_cave_pools,
          uniq_gastronok
D:12:     layout_long_grid
D:13:     layout_gridville, grunt_vaults_entry_tiered,
          portal_ice_cave_entry_ice_simulacra, uniq_erolcha, uniq_azrael,
          uniq_sonja
D:14:     minmay_box_of_curves, layout_irregular_city,
          nicolae_gozag_zags_fifth_avenue, serial_shops, nicolae_shop_crystal,
          grunt_ministairs_2, uniq_lodul, uniq_rupert
D:15:     gammafunk_depths_entry_grave, layout_long_grid, roderic_lattice_a,
          enter_trove_0
Temple:   hellmonk_temple_flake
Lair:1:   layout_chaotic_city, beast_lair_carwin_1
Lair:2:   cheibrodos_lair_river_kwai, layout_regular_city,
          nicolae_swamp_entry_splash_gauntlet, nicolae_volcano_entry_lava_flow,
          minmay_lair_oklob_items
Lair:3:   layout_hall_layers, guppyfry_snake_entry_garden, serial_bayou,
          serial_bayou_lake_a, serial_bayou_pond_c, serial_bayou_shore_b,
          serial_bayou_shore_a, serial_bayou_pond_d, nicolae_lair_grazing_beasts
          [nicolae_sub_lair_graze_edge, nicolae_sub_lair_graze_edge,
          nicolae_sub_lair_graze_edge, nicolae_sub_lair_graze_edge], uniq_kirke
Lair:4:   gammafunk_cloud_chamber, layout_cave_shapes, grunt_megastairs_5
Lair:5:   grunt_lair_end_beastmaster, layout_misc_corridors,
          dpeg_slime_entry_enclosed, nicolae_lair_yak_garden,
          grunt_megastairs_3, infiniplex_staircase_pool, uniq_nessos
Swamp:1:  layout_basic_swamp, nicolae_swamp_some_circles
Swamp:2:  nzn_winding_woodlands_cross [nzn_winding_woodlands_5x15_concentric,
          nzn_winding_woodlands_5x15_sidewinder,
          nzn_winding_woodlands_5x15_default,
          nzn_winding_woodlands_5x15_pockets,
          nzn_winding_woodlands_15x15_thick_spiral], layout_basic_swamp,
          hangedman_swamp_diagram, swamp_pool1
Swamp:3:  layout_falls_marsh, evilmike_swamp_ruin_house_1
Swamp:4:  swamp_pestilence, layout_basic_swamp
Snake:1:  layout_onion, nicolae_integral_box, serial_bayou_shore_b
Snake:2:  gammafunk_sealed_arena, layout_grid_maze, minmay_shop_star
Snake:3:  layout_rooms, basic_altar, hangedman_snake_wide_pillar_pass,
          hangedman_venom_bottle, uniq_mara, uniq_mlioglotl
Snake:4:  hellmonk_snake_rune_quicksilver_temple, layout_basic,
          minmay_shop_grove
Slime:1:  layout_caves
Slime:2:  layout_caves, nicolae_slime_phagocytosis
Slime:3:  cheibrodos_slime_lost_civilization_1, layout_caves, special_room
          [special_room_jelly]
Slime:4:  layout_caves
Slime:5
Orc:1:    layout_diamond_mine, basic_altar, nooodl_orcs_dogs
Orc:2:    st_orc_ogre_mass, layout_diamond_mine, uniq_saint_roka
Elf:1:    layout_gridlike, minivault_28, minmay_crystal_room,
          minmay_fountain_box, orc_legates
Elf:2:    elven_hall_of_blades_hangedman_alternative
          [nicolae_blade_entry_antechamber], layout_geoelf_diagonals
Elf:3:    elf_hall, layout_geoelf_octagon, serial_shops,
          nicolae_shop_tiny_waterfront, grunt_megastairs_4
Vaults:1: nicolae_vaults_trapezoid_lopsided_2, nicolae_vaults_closet_pinwheel_4,
          hangedman_vaults_stitches, v_misc_1, v_rooms_3, ontoclasm_vaults_spin,
          nicolae_vaults_shelves_hall, v_misc_8, layout_vaults_ring,
          serial_shops, shop, nicolae_shop_trees, shop, uniq_zenata
Vaults:2: nicolae_vaults_little_squares_1, nicolae_vaults_more_shelving_2,
          nicolae_vaults_offset_grid_hallway_3, v_misc_1,
          dpeg_vaults_monster_row, hangedman_vaults_hard_town_square,
          minmay_crypt_entry_nasty_monster, vaults_room_fancy_cross,
          ontoclasm_vaults_claustrophobia, nicolae_vaults_theta,
          nicolae_vaults_octothorpe, nicolae_vaults_three_branches,
          nicolae_vaults_surprise_closet, vaults_dpeg_encased_lava,
          nicolae_vaults_yaktaur_gun_rack, layout_vaults_omnicross,
          serial_shops, shop
Vaults:3: hangedman_vaults_impose, nicolae_vaults_storage_closets_2,
          nicolae_vaults_trapezoid_lopsided_2, nicolae_vaults_spaceships,
          nicolae_vaults_apartment_1, ontoclasm_vaults_decontamination,
          nicolae_vaults_sesquioval_fish, nicolae_vaults_closet_pinwheel_3,
          nicolae_vaults_triangles, vaults_room_fancy_cross, v_misc_15,
          hangedman_vaults_trim, layout_vaults_omnibox, serial_shops,
          bzr_entry_gold, uniq_aizul, uniq_nikola
Vaults:4: nicolae_vaults_windows_and_doors_thing, v_misc_29,
          hangedman_vaults_nodes, v_misc_16, vaults_room_fours, st_check,
          vaults_mumra_chevron, vaults_room_pool, vaults_mumra_minichess,
          nicolae_vaults_double_plus_1, hangedman_vaults_trim,
          ontoclasm_vaults_hangar, ontoclasm_vaults_misaligned,
          layout_vaults_maze, uniq_bai_suzhen, uniq_margery
Vaults:5: serial_shops
Crypt:1:  layout_gridlike, columned_hall_lemuel, moated_statue,
          roderic_lattice_octagonal_star, grunt_crypt_arrival_webbed
Crypt:2:  layout_regular_city, st_stairs_2, hex_large, st_small_mortuary,
          uniq_donald
Crypt:3:  david_glass_crypt, layout_gridlike,
          nicolae_tomb_entry_unfolded_pyramid_orthogonal, basic_altar,
          nicolae_crypt_crumbling_hall
Depths:1: layout_cave_shapes, minmay_misc_feat_tiny, hangedman_coc_ice_floe,
          kennysheep_big_empty_room, kennysheep_small_spiral,
          okawaru_gym_becter, grunt_megastairs_2, uniq_sojobo
Depths:2: lemuel_traditional_vault, layout_cave_pools, rand_demon_pan_entry_5,
          grunt_decor_one_mirror, grunt_metal_band,
          infiniplex_staircase_zigzag_4, uniq_vv
Depths:3: vault_1, layout_gridlike, enter_ziggurat_b,
          grunt_hell_entry_dis_grunt, abyss_entry,
          hangedman_abyss_or_decor_stabs, pan_entry, uniq_parghit
Depths:4: grunt_twist_and_shout, layout_gridlike, rand_demon_pan_entry_7,
          hell_entry, hangedman_decor_diamond_cutter, uniq_frederick
Hell
Zot:1:    hellmonk_paralyzer, layout_concentric_octagons, uniq_josephina
Zot:2:    layout_concentric_octagons, grunt_megastairs_1
Zot:3:    layout_gridlike
Zot:4:    layout_gridlike, st_large_dragon_hoard_2
Zot:5:    layout_twisted_circle
Zig:13

Skill      XL: |  1  2  3  4  5  6  7  8  9 10 11 12 13 14 15 16 17 18 19 20 21 22 23 24 25 26 27 |
---------------+----------------------------------------------------------------------------------+-----
Armour         | 4 5 7 8 10 11 12 13 14 15 16 17 18 19 20 22 25 27 | 27.0
Shields        | 4 5 6 7 9 11 13 16 18 20 21 23 25 26 27 | 27.0
Long Blades    | 3 4 5 6 7 9 10 12 16 21 27 | 27.0
Dodging        | 1 2 3 5 7 8 9 10 12 14 15 | 15.9
Fighting       | 4 5 6 7 8 9 11 12 13 15 16 17 18 20 21 22 24 25 27 | 27.0
Throwing       | 1 2 |  2.0
Invocations    | 1 2 3 4 13 | 13.9
Maces & Flails | 4 8 11 14 16 17 18 19 20 21 22 23 24 25 27 | 27.0
Stealth        | 1 2 3 9 |  9.3
Evocations     | 1 2 3 9 |  9.4
Unarmed Combat | 5 |  5.9

Action                     |  1- 3 |  4- 6 |  7- 9 | 10-12 | 13-15 | 16-18 | 19-21 | 22-24 | 25-27 || total
---------------------------+-------+-------+-------+-------+-------+-------+-------+-------+-------++-------
  Melee: Long sword        |    72 |   154 |   221 |       |       |       |       |       |       ||   447
         Headbutt          |     6 |    18 |    50 |    98 |   331 |   377 |   648 |   814 |  1126 ||  3468
         Morningstar       |       |       |    38 |   396 |   796 |  1199 |  1886 |  1943 |   595 ||  6853
         Scimitar          |       |       |       |       |   273 |       |       |       |       ||   273
         Demon blade       |       |       |       |       |       |       |       |       |  1406 ||  1406
         Double sword      |       |       |       |       |       |       |       |       |   942 ||   942
         Unarmed           |       |       |       |       |       |       |       |       |     8 ||     8
  Throw: Javelin           |       |    10 |       |       |       |       |       |       |       ||    10
 Invoke: Heroism           |       |       |     5 |     9 |     7 |    10 |     7 |     3 |    20 ||    61
  Evoke: Wand              |       |       |       |       |     3 |    14 |     2 |     6 |     2 ||    27
    Use: Scroll            |       |     3 |     3 |     2 |    19 |    13 |     4 |    12 |    33 ||    89
         Potion            |       |     2 |     4 |     2 |     4 |     4 |     3 |     1 |    30 ||    50
   Stab: Petrified         |       |       |       |       |       |     5 |       |       |       ||     5
         Distracted        |       |       |       |       |       |       |       |       |     1 ||     1
 Armour: Scale mail        |    55 |    31 |       |       |   328 |       |       |       |       ||   414
         Chain mail        |       |    49 |    91 |       |       |       |       |       |       ||   140
         Plate armour      |       |       |    45 |   357 |   254 |   667 |   503 |       |       ||  1826
         Storm dragon scal |       |       |       |       |       |       |    50 |   243 |       ||   293
         Gold dragon scale |       |       |       |       |       |       |       |   321 |  1160 ||  1481
         Skin              |       |       |       |       |       |       |       |       |     5 ||     5
  Dodge: Dodged            |    50 |    50 |    98 |   190 |   492 |   569 |  1126 |  1209 |  2227 ||  6011
  Block: Buckler           |    22 |    32 |    67 |   156 |       |       |       |       |       ||   277
         Tower shield      |       |       |       |    30 |  1344 |   281 |       |       |       ||  1655
         Kite shield       |       |       |       |    11 |       |  1030 |  2084 |  2337 |  3491 ||  8953
         Reflection        |       |       |       |       |       |    88 |   117 |    45 |    61 ||   311
